 Dungeon Crawl Stone Soup version 0.22-a0-570-g58866f5 (webtiles) character file.

1384 chorionicmirror the Fighter (level 8, 0/71 HPs)
             Began as a Gnoll Wanderer on June 30, 2018.
             Slain by a wraith (12 damage)
             ... in an ossuary.
             The game lasted 00:26:30 (6091 turns).

chorionicmirror the Fighter (Gnoll Wanderer)        Turns: 6091, Time: 00:26:31

Health: 0/71       AC: 13    Str: 14    XL:     8   Next: 67%
Magic:  13/13      EV: 14    Int: 24    God:
Gold:   261        SH:  0    Dex: 13    Spells: 12/13 levels left

rFire    + + .     SeeInvis .   l - +3 dagger (protect)
rCold    + . .     Gourm    .   (no shield)
rNeg     . . .     Faith    .   z - +1 leather armour {rF+}
rPois    +         Spirit   .   w - +0 helmet
rElec    +         Reflect  .   i - scarf {repulsion}
rCorr    +         Harm     .   (no gloves)
MR       .....                  g - +0 pair of boots
Stlth    ++........             (no amulet)
HPRegen  0.21/turn              d - ring of resist corrosion
MPRegen  0.13/turn              (no ring)

@: brilliant, resistant, protection aura, hasted and slowed, repel missiles
A: distributed training, fangs 1, strong nose
a: no special abilities


You were in an ossuary.
You were not hungry.

You visited 1 branch of the dungeon, and saw 6 of its levels.
You also visited: Ossuary.

You collected 261 gold pieces.

Inventory:

Hand Weapons
 a - a +0 hunting sling
 l - a +3 dagger of protection (weapon)
Missiles
 e - 305 stones
 s - 28 sling bullets
 B - 6 tomahawks (quivered)
Armour
 g - a +0 pair of boots (worn)
 i - a scarf of repulsion (worn)
 j - a +0 ring mail
 m - a +0 large shield
 q - a scarf of repulsion
 w - a +0 helmet (worn)
 z - a +1 leather armour of fire resistance (worn)
 C - a +0 cloak
Magical Staves
 o - an uncursed staff of power
Jewellery
 d - a ring of resist corrosion (left hand)
Wands
 p - a wand of flame (24)
Scrolls
 c - a scroll of torment {unknown}
 n - 4 scrolls of teleportation
 x - a scroll of remove curse
 y - 2 scrolls of amnesia
 D - 4 scrolls of magic mapping
 E - a scroll of enchant armour {unknown}
Potions
 h - a potion of flight
 u - a potion of might {unknown}
 A - a potion of cancellation {unknown}
Comestibles
 f - 4 rations


   Skills:
 + Level 9.2 Fighting
 + Level 3.4 Short Blades
 + Level 3.4 Long Blades
 + Level 3.4 Axes
 + Level 3.4 Maces & Flails
 + Level 3.4 Polearms
 + Level 5.8 Staves
 + Level 3.4 Slings
 + Level 3.4 Bows
 + Level 3.4 Crossbows
 + Level 3.4 Throwing
 + Level 3.4 Armour
 + Level 5.8 Dodging
 + Level 3.4 Stealth
 + Level 4.3 Shields
 + Level 3.4 Unarmed Combat
 + Level 3.4 Spellcasting
 + Level 2.8 Conjurations
 + Level 2.8 Hexes
 + Level 2.8 Charms
 + Level 2.8 Summonings
 + Level 2.8 Necromancy
 + Level 2.8 Translocations
 + Level 2.8 Transmutations
 + Level 2.8 Fire Magic
 + Level 2.8 Ice Magic
 + Level 2.8 Air Magic
 + Level 2.8 Earth Magic
 + Level 2.8 Poison Magic
 + Level 3.7 Invocations
 + Level 4.3 Evocations


You had 12 spell levels left.
You knew the following spells:

 Your Spells              Type           Power        Failure   Level  Hunger
a - Shock                 Conj/Air       ####         1%          1    None

Your spell library contained the following spells:

 Spells                   Type           Power        Failure   Level  Hunger
 Lightning Bolt           Conj/Air       ####......   13%         5    ######.
 Summon Small Mammal      Summ           ####         1%          1    None
 Summon Ice Beast         Ice/Summ       ####....     4%          4    ####...
 Call Imp                 Summ           ####....     1%          2    #......
 Swiftness                Chrm/Air       ####....     1%          2    #......
 Airstrike                Air            ####......   4%          4    ####...
 Call Canine Familiar     Summ           ####....     1%          3    ###....
 Static Discharge         Conj/Air       ####....     1%          3    ###....
 Summon Lightning Spire   Summ/Air       ####....     4%          4    ####...
 Summon Guardian Golem    Hex/Summ       ####....     1%          3    ###....


Dungeon Overview and Level Annotations

Branches:
Dungeon (6/15)
 Temple: D:4-7

Altars:
Kikubaaqudgha
Makhleb
Nemelex Xobeh
Sif Muna
Trog
Xom


Innate Abilities, Weirdness & Mutations

Your experience applies equally to all skills.
You have very sharp teeth.
Your uncanny sense of smell can sniff out nearby items.


Message History

You hit the wraith but do no damage.
Your weapon exudes an aura of protection.
The wraith is moderately damaged.
The wraith hits you but does no damage.
You barely miss the wraith.
The wraith is moderately damaged.
The wraith hits you but does no damage.
You hit the wraith but do no damage.
The wraith is moderately damaged.
The wraith hits you!
* * * LOW HITPOINT WARNING * * *
The wraith drains your vigour!
You feel as though you will be slow longer.
You hit the wraith but do no damage.
The wraith is moderately damaged.
The wraith barely misses you.
You hit the wraith but do no damage.
The wraith is moderately damaged.
The wraith hits you!
You die...

#####+#####
#.........##
#...##'##W..##
#...##...##@..##
. ##...?.##...#
.. #..??.?.#...+
...##.?!!.##...#
#...##...##...##
#...#####...## .
##.........##...
.#####'#####....
.................


You could see a wraith.

Vanquished Creatures
  Grinder (D:3)
  Menkaure (D:4)
  A sky beast (D:6)
  Blork the orc (D:4)
  An elf zombie (D:6)
  A scorpion (D:4)
  A howler monkey (D:4)
  A crimson imp (D:5)
  2 bullfrog skeletons
  A human zombie (D:6)
  A centaur zombie (D:6)
  2 orc wizards
  2 centaur skeletons
  A human skeleton (D:6)
  Jessica (D:2)
  Natasha (twice) (D:4)
  6 worker ants
  A hound skeleton (D:4)
  A mummy (Ossuary)
  Robin (D:4)
  4 adders
  5 gnolls
  A shadow imp (D:5)
  An adder skeleton (D:6)
  A worm (D:3)
  2 dart slugs
  3 leopard geckos
  12 orcs
  3 ball pythons
  6 bats
  6 giant cockroaches
  15 goblins
  14 hobgoblins
  5 jackals
  10 kobolds
  4 quokkas
  4 frilled lizards
  4 gnoll skeletons (Ossuary)
  3 kobold skeletons (Ossuary)
  4 orc skeletons
  An orc zombie (D:6)
  5 rats
142 creatures vanquished.

Notes
Turn   | Place    | Note
-------+----------+-------------------------------------------
     0 | D:1      | chorionicmirror the Gnoll Wanderer began the quest for the Orb.
     0 | D:1      | chorionicmirror set off with: a wand of flame (15), a +0 quarterstaff, a potion of lignification, a +0 robe, a ration
     0 | D:1      | Reached XP level 1. HP: 26/26 MP: 2/2
   159 | D:1      | Reached XP level 2. HP: 33/33 MP: 3/3
   334 | D:1      | Reached XP level 3. HP: 38/38 MP: 4/4
   481 | D:1      | Reached skill level 1 in Invocations
   875 | D:2      | Reached skill level 1 in Short Blades
   875 | D:2      | Reached skill level 1 in Long Blades
   875 | D:2      | Reached skill level 1 in Axes
   875 | D:2      | Reached skill level 1 in Maces & Flails
   875 | D:2      | Reached skill level 1 in Polearms
   875 | D:2      | Reached skill level 1 in Slings
   875 | D:2      | Reached skill level 1 in Bows
   875 | D:2      | Reached skill level 1 in Crossbows
   875 | D:2      | Reached skill level 1 in Throwing
   875 | D:2      | Reached skill level 1 in Armour
   875 | D:2      | Reached skill level 1 in Stealth
   875 | D:2      | Reached skill level 1 in Unarmed Combat
   875 | D:2      | Reached skill level 1 in Spellcasting
   968 | D:2      | Found a burning altar of Makhleb.
   968 | D:2      | Noticed a green death
   972 | D:2      | Noticed a smoke demon
   972 | D:2      | Noticed a smoke demon
  1045 | D:2      | Reached XP level 4. HP: 45/45 MP: 6/6
  1257 | D:2      | Noticed Jessica
  1264 | D:2      | Killed Jessica
  1264 | D:2      | Reached skill level 1 in Conjurations
  1264 | D:2      | Reached skill level 1 in Hexes
  1264 | D:2      | Reached skill level 1 in Charms
  1264 | D:2      | Reached skill level 1 in Summonings
  1264 | D:2      | Reached skill level 1 in Necromancy
  1264 | D:2      | Reached skill level 1 in Translocations
  1264 | D:2      | Reached skill level 1 in Transmutations
  1264 | D:2      | Reached skill level 1 in Fire Magic
  1264 | D:2      | Reached skill level 1 in Ice Magic
  1264 | D:2      | Reached skill level 1 in Air Magic
  1264 | D:2      | Reached skill level 1 in Earth Magic
  1264 | D:2      | Reached skill level 1 in Poison Magic
  1386 | D:2      | Reached XP level 5. HP: 47/51 MP: 7/7
  1992 | D:3      | Found a sparkling altar of Nemelex Xobeh.
  1996 | D:3      | Noticed Grinder
  2007 | D:3      | Paralysed by Grinder for 3 turns
  2016 | D:3      | Killed Grinder
  2016 | D:3      | Reached skill level 5 in Staves
  2016 | D:3      | Reached skill level 5 in Dodging
  2016 | D:3      | Reached XP level 6. HP: 34/57 MP: 8/8
  2120 | D:3      | Found a bloodstained altar of Trog.
  2492 | D:4      | Found a shimmering altar of Xom.
  2764 | D:4      | Noticed Blork the orc
  2792 | D:4      | Killed Blork the orc
  2792 | D:4      | Reached XP level 7. HP: 35/63 MP: 10/10
  3210 | D:4      | Noticed Menkaure
  3221 | D:4      | HP: 3/63 [Menkaure (15)]
  3228 | D:4      | Killed Menkaure
  3228 | D:4      | Reached skill level 9 in Fighting
  3540 | D:4      | Noticed Natasha
  3549 | D:4      | Killed Natasha
  3650 | D:4      | Noticed Natasha
  3656 | D:4      | Killed Natasha
  3798 | D:4      | Reached XP level 8. HP: 68/71 MP: 12/12
  3837 | D:4      | Learned a level 1 spell: Shock
  3965 | D:4      | Noticed Robin
  3975 | D:4      | Killed Robin
  4261 | D:5      | Entered Level 5 of the Dungeon
  5014 | D:5      | Found a deep blue altar of Sif Muna.
  5014 | D:5      | Found an ancient bone altar of Kikubaaqudgha.
  5524 | D:6      | Found a sand-covered staircase.
  5632 | Ossuary  | Entered an ossuary
  5632 | Ossuary  | Noticed a wraith
  5632 | Ossuary  | Noticed a wraith
  5632 | Ossuary  | Noticed a wraith
  6023 | Ossuary  | Noticed a wraith
  6091 | Ossuary  | Slain by a wraith

Vault maps used:
D:1:      mrwooster_arrival_statue_3, minmay_crystal_room,
          minmay_misc_feat_encased
D:2:      makhleb_altar_promises_db, uniq_jessica
D:3:      kennysheep_big_flooded_room, lemuel_crystal_altar,
          nicolae_overflow_crystal_walls, uniq_grinder
D:4:      first_ration, xom_teletrap_fun, uniq_natasha, uniq_menkaure,
          uniq_robin, uniq_blork_the_orc
D:5:      gammafunk_temple_overflow_pools, hangedman_decor_clover_reticule
D:6:      nicolae_ossuary_entry_catacombs
Ossuary:  ossuary_due_mausoleum

Skill      XL: |  1  2  3  4  5  6  7  8 |
---------------+-------------------------+-----
Invocations    | 1 2 3 |  3.7
Short Blades   | 1 2 3 |  3.4
Long Blades    | 1 2 3 |  3.4
Axes           | 1 2 3 |  3.4
Maces & Flails | 1 2 3 |  3.4
Polearms       | 1 2 3 |  3.4
Slings         | 1 2 3 |  3.4
Bows           | 1 2 3 |  3.4
Crossbows      | 1 2 3 |  3.4
Throwing       | 1 2 3 |  3.4
Armour         | 1 2 3 |  3.4
Stealth        | 1 2 3 |  3.4
Unarmed Combat | 1 2 3 |  3.4
Spellcasting   | 1 2 3 |  3.4
Conjurations   | 1 2 |  2.8
Hexes          | 1 2 |  2.8
Charms         | 1 2 |  2.8
Summonings     | 1 2 |  2.8
Necromancy     | 1 2 |  2.8
Translocations | 1 2 |  2.8
Transmutations | 1 2 |  2.8
Fire Magic     | 1 2 |  2.8
Ice Magic      | 1 2 |  2.8
Air Magic      | 1 2 |  2.8
Earth Magic    | 1 2 |  2.8
Poison Magic   | 1 2 |  2.8
Staves         | 5 |  5.8
Dodging        | 5 |  5.8
Shields        | 3 4 |  4.3
Evocations     | 3 4 |  4.3
Fighting       | 9 |  9.2

Action                   |  1- 3 |  4- 6 |  7- 9 || total
-------------------------+-------+-------+-------++-------
Melee: Quarterstaff      |    82 |   120 |    49 ||   251
       Bite              |     6 |    12 |    44 ||    62
       Dagger            |       |       |   454 ||   454
       Punch             |       |       |    11 ||    11
 Fire: Hunting sling     |     1 |       |       ||     1
Throw: Stone             |    25 |    13 |       ||    38
       Tomahawk          |    18 |    25 |     2 ||    45
 Cast: Shock             |       |       |    26 ||    26
Evoke: Wand              |       |       |     3 ||     3
  Use: Scroll            |     3 |     8 |     3 ||    14
       Potion            |       |     1 |    10 ||    11
 Stab: Sleeping          |       |       |     3 ||     3
  Eat: Chunk             |       |     3 |     5 ||     8
       Ration            |       |     1 |     2 ||     3
Armor: Ring mail         |    20 |    25 |       ||    45
       Robe              |     1 |       |       ||     1
       Leather armour    |       |     8 |   127 ||   135
       Skin              |       |     5 |    18 ||    23
Dodge: Dodged            |    40 |    78 |   270 ||   388
       Deflected         |       |     3 |       ||     3

Table legend:
 A = Spawn XP
 B = Non-spawn XP
 C = Spawn XP percentage of total XP
 D = Spawn monster count
 E = Non-spawn monster count
 F = Spawn count percentage of total count
 G = Total turns spent on level
                    A         B        C        D         E        F      G
               +---------+---------+-------+---------+---------+-------+---------
         Total |       0 |    1978 |   0.0 |       0 |     142 |   0.0 |  6091
               +---------+---------+-------+---------+---------+-------+---------
           D:1 |       0 |      71 |   0.0 |       0 |      31 |   0.0 |   865
           D:2 |       0 |      98 |   0.0 |       0 |      25 |   0.0 |   774
           D:3 |       0 |     280 |   0.0 |       0 |      10 |   0.0 |   813
           D:4 |       0 |     788 |   0.0 |       0 |      36 |   0.0 |  1809
           D:5 |       0 |     243 |   0.0 |       0 |      13 |   0.0 |   860
           D:6 |       0 |     473 |   0.0 |       0 |      17 |   0.0 |   511
       Ossuary |       0 |      25 |   0.0 |       0 |      10 |   0.0 |   459
               +---------+---------+-------+---------+---------+-------+---------
